 Dungeon Crawl Stone Soup version 0.21.1-1-g345015f (webtiles) character file.

823 Hogrash the Cleaver (level 7, -10/57 HPs)
             Began as a Hill Orc Fighter on Apr 22, 2018.
             Mangled by an orc warrior
             ... wielding a +0 halberd
              (17 damage)
             ... on level 6 of the Dungeon.
             The game lasted 00:07:07 (3867 turns).

Hogrash the Cleaver (Hill Orc Fighter)              Turns: 3867, Time: 00:07:08

Health: -10/57     AC:  9    Str: 25    XL:     7   Next: 96%
Magic:  0/16       EV:  5    Int:  8    God:
Gold:   227        SH:  9    Dex: 11    Spells: 6/6 levels left

rFire    . . .     SeeInvis .   a - +0 war axe
rCold    . . .     Gourm    .   c - +0 shield
rNeg     . . .     Faith    .   t - +0 chain mail
rPois    .         Spirit   +   (no helmet)
rElec    .         Reflect  .   (no cloak)
rCorr    .         Harm     .   (no gloves)
MR       +....                  (no boots)
Stlth    ..........             p - amulet of guardian spirit
HPRegen  0.19/turn              j - ring of magical power
MPRegen  0.15/turn              l - ring of protection from magic

@: mighty
A: no striking features
a: no special abilities


You were on level 6 of the Dungeon.
You were hungry.

You visited 1 branch of the dungeon, and saw 6 of its levels.

You collected 227 gold pieces.

Inventory:

Hand Weapons
 a - a +0 war axe (weapon)
 x - a cursed +0 falchion
Armour
 b - a +0 scale mail
 c - a +0 shield (worn)
 h - a +1 leather armour of magic resistance
 t - a +0 chain mail (worn)
Jewellery
 j - a ring of magical power (left hand)
 l - a ring of protection from magic (right hand)
 p - an amulet of guardian spirit (around neck)
Wands
 q - a wand of enslavement (13)
Scrolls
 e - 3 scrolls of identify
 i - a scroll of remove curse {unknown}
 m - a scroll of magic mapping {unknown}
 n - 2 scrolls of teleportation {unknown}
 r - 4 scrolls of amnesia {unknown}
 s - a scroll of blinking {unknown}
 v - a scroll of immolation {unknown}
 w - 3 scrolls of fear {unknown}
Potions
 g - a potion of curing
 k - a potion of haste {unknown}
 o - a potion of agility {unknown}
 u - a potion of brilliance {unknown}
Comestibles
 f - 5 rations


   Skills:
 - Level 3.6 Fighting
 + Level 11.3 Axes
 - Level 3.2 Armour
 - Level 3.2 Shields


You had 6 spell levels left.
You didn't know any spells.

Dungeon Overview and Level Annotations

Branches:
Dungeon (6/15)
 Temple: D:4-7

Altars:
Cheibriados
Qazlal
The Shining One

Annotations:
D:3 Sigmund; Verendum's ghost, amateur GrAK
D:4 Blork the orc; Dowan; Duvessa


Message History

The orc warrior hits you with a halberd!
* * * LOW HITPOINT WARNING * * *
The ice beast hits you but does no damage.
You closely miss the orc warrior.
The orc warrior is severely wounded.
You slash the orc!
You kill the orc!
You closely miss the ice beast. You hit the orc but do no damage.
The orc hits you but does no damage.
The orc warrior hits you but does no damage.
You block the ice beast's attack.
Your chain mail prevents you from hitting the orc warrior.
The orc warrior is severely wounded.
You slash the ice beast! You completely miss the orc. The ice beast hits you.
* * * LOW HITPOINT WARNING * * *
The ice beast freezes you!
* * * LOW HITPOINT WARNING * * *
The orc hits you but does no damage.
The orc warrior hits you with a halberd!!
You die...

#.....# §§.o5 #.....#
.§§.. # #.....# #§... .#
#.....# ####§..####.####
#.....# ........(.......
##....# ........%.......
##....# .....$..........
#.....######..oY†.......
#..........####@####....
#...........#...o..+ .
##..........#......#
#..........'......#
#..........#......#
#))).##...##......#
##(####...#########
#.....#...........#
#....)#...........#
#####


You could see an orc warrior, an ice beast and an orc.

Vanquished Creatures
  A bullfrog (D:6)
  3 crimson imps
  A centaur zombie (D:6)
  4 hounds
  2 orc priests
  A gnoll shaman (D:6)
  2 iguanas
  An orc wizard (D:4)
  3 worker ants
  6 adders
  9 gnolls (D:6)
  2 shadow imps
  2 adder skeletons (D:4)
  2 dart slugs
  A worm (D:3)
  2 leopard geckos
  22 orcs
  A bat (D:1)
  2 giant cockroaches
  9 goblins
  6 hobgoblins
  6 jackals
  2 kobolds (D:1)
  3 quokkas
  3 frilled lizards
  A quokka skeleton (D:5)
  9 rats
106 creatures vanquished.

Notes
Turn   | Place    | Note
-------+----------+-------------------------------------------
     0 | D:1      | Hogrash the Hill Orc Fighter began the quest for the Orb.
     0 | D:1      | Reached XP level 1. HP: 19/19 MP: 1/1
    45 | D:1      | Reached skill level 3 in Axes
   145 | D:1      | Reached XP level 2. HP: 26/26 MP: 2/2
   350 | D:1      | Reached skill level 4 in Axes
   423 | D:1      | You fall through a shaft!
   458 | D:2      | Reached XP level 3. HP: 26/31 MP: 3/3
   532 | D:2      | Reached skill level 5 in Axes
   943 | D:2      | Reached XP level 4. HP: 39/39 MP: 4/4
  1705 | D:3      | Noticed Verendum's ghost (amateur GrAK)
  1707 | D:3      | Noticed Sigmund
  1710 | D:3      | Reached skill level 6 in Axes
  2209 | D:4      | Reached XP level 5. HP: 45/45 MP: 5/5
  2211 | D:4      | Reached skill level 7 in Axes
  2258 | D:4      | Reached skill level 8 in Axes
  2258 | D:4      | Reached XP level 6. HP: 39/51 MP: 6/6
  2557 | D:4      | Found a glowing golden altar of the Shining One.
  2830 | D:4      | Found a snail-covered altar of Cheibriados.
  2873 | D:4      | Noticed Dowan
  2874 | D:4      | Noticed Blork the orc
  2874 | D:4      | Noticed Duvessa
  2885 | D:5      | Entered Level 5 of the Dungeon
  3054 | D:5      | Noticed a fire elemental
  3056 | D:5      | Found a stormy altar of Qazlal.
  3129 | D:5      | Reached skill level 9 in Axes
  3198 | D:5      | Reached XP level 7. HP: 54/57 MP: 7/7
  3544 | D:5      | Reached skill level 10 in Axes
  3623 | D:5      | Noticed a water elemental
  3644 | D:5      | Noticed an air elemental
  3858 | D:6      | Reached skill level 11 in Axes
  3867 | D:6      | Mangled by an orc warrior

Skill      XL: |  1  2  3  4  5  6  7 |
---------------+----------------------+-----
Axes           | 3 4 5 6 8 9 11 | 11.3
Fighting       | |  3.6
Armour         | |  3.2
Shields        | |  3.2

Action                   |  1- 3 |  4- 6 |  7- 9 || total
-------------------------+-------+-------+-------++-------
Melee: War axe           |    85 |   183 |    83 ||   351
  Use: Scroll            |       |     1 |       ||     1
       Potion            |       |       |     1 ||     1
  Eat: Chunk             |       |     7 |     2 ||     9
Armor: Scale mail        |    50 |    49 |       ||    99
       Chain mail        |       |     8 |    56 ||    64
Dodge: Dodged            |    23 |    44 |    21 ||    88
Block: Shield            |    48 |    73 |    49 ||   170
